 Dungeon Crawl Stone Soup version 0.29.0-4-gdea44cf6ec (webtiles) character file.

Game seed: 17259583122945870774

18 qw the Chopper (level 2, -2/24 HPs)
             Began as a Barachi Chaos Knight on Sept 6, 2022.
             Slain by a chaos spawn (6 damage)
             ... summoned by Xom
             ... on level 1 of the Dungeon.
             The game lasted 00:00:18 (623 turns).

qw the Chopper (Barachi Chaos Knight)                Turns: 623, Time: 00:00:19

Health: -2/24      AC:  5    Str: 13    XL:     2   Next: 66%
Magic:  2/2        EV:  6    Int: 12    God:
Gold:   93         SH:  0    Dex: 11    Spells: 1/1 levels left

rFire   . . .      SeeInvis .   a - +0 hand axe (chaos)
rCold   . . .      Faith    .   (no shield)
rNeg    . . .      Spirit   .   b - +2 leather armour
rPois   .          Reflect  .   (no helmet)
rElec   .          Harm     .   (no cloak)
rCorr   .          Rampage  .   (no gloves)
Will    .....                   (no boots)
Stlth   +.........              (no amulet)
HPRegen 0.08/turn               (no ring)
MPRegen 0.08/turn               (no ring)

@: petrifying, very slow
A: amphibious, slowness 1, strong legs 1, +LOS
a: Hop


You were on level 1 of the Dungeon.
You visited 1 branch of the dungeon, and saw 1 of its levels.

You collected 93 gold pieces.


Innate Abilities, Weirdness & Mutations

You are amphibious.
You cover ground slowly.
You can hop short distances.
You have an extended range of vision and can be seen from far away.


   Skills:
 - Level 3.6 Fighting
 + Level 4.3 Axes
 - Level 2.4 Armour
 - Level 1.1 Dodging


You had one spell level left.
You didn't know any spells.
Your spell library was empty.

Inventory:

Hand Weapons
 a - a +0 hand axe of chaos (weapon)
 e - a +0 whip
Armour
 b - a +2 leather armour (worn)
 f - an orb of energy
Scrolls
 d - a scroll of fear {unknown}
Miscellaneous
 c - a piece from Xom's chessboard (15/15)

Dungeon Overview and Level Annotations

Branches:
Dungeon (1/15)

Altars:


Message History

Your quokka zombie bites the hobgoblin.
You hit the hobgoblin.
The hobgoblin is poisoned.
The hobgoblin is heavily wounded.
Your quokka zombie barely misses the hobgoblin.
You catch the helpless hobgoblin completely off-guard!
You hit the hobgoblin. You freeze the hobgoblin.
The hobgoblin is almost dead.
You kill the hobgoblin!
Your quokka zombie barely misses the quokka.
The quokka misses you.
You closely miss the quokka.
Your quokka zombie misses the quokka.
The quokka bites you but does no damage.
You hit the quokka.
The quokka flickers and vanishes!
Deactivating autopickup; reactivate with Ctrl-A.
Something bites you.
You miss something.
Something bites you but does no damage. x2
You hit something. You burn something.
Reactivating autopickup.
You feel a bit more experienced. "Time to have some fun!"
Your quokka zombie barely misses the chaos spawn.
The chaos spawn hits your quokka zombie!
Your quokka zombie is destroyed!
You hit the chaos spawn but do no damage.
The chaos spawn hits you!
You are engulfed in flames!
You hit the chaos spawn.
The chaos spawn convulses.
The chaos spawn is lightly wounded.
The chaos spawn hits you but does no damage.
You hit the chaos spawn but do no damage.
The chaos spawn is poisoned.
The chaos spawn is lightly wounded.
The chaos spawn hits you.
You are slowing down.
You barely miss the chaos spawn.
The chaos spawn is lightly wounded.
The chaos spawn gores you!
You die... "What!?
That's it?"

.. .###### .# # #. .# # #.# .# #.
# ##.#.# .# #. # ##.#.# .# .## #
##.#.# .# ..# ## ...#.#
######%#.# #.#.#####.
#..#.#######....@?..# #.#.......
.............###4.######.######..
#.#............#.##..............
#......#######.#.................
#......# #.#..#.####.####..#.
#......# #.#..#.# #.# ##..#.
#.#..>.# #.#.(#.# ##.###...#.
#.####.# #.#..#.# #..........
#.####.#######.#..#.# #..###...##


You could see a chaos spawn (summoned, very poisoned).

Vanquished Creatures
  An endoplasm (D:1)
  A giant cockroach (D:1)
  2 hobgoblins (D:1)
  2 kobolds (D:1)
  3 quokkas (D:1)
  A ball python (D:1)
  2 bats (D:1)
  A frilled lizard (D:1)
  3 rats (D:1)
16 creatures vanquished.

Vanquished Creatures (collateral kills)
  A hobgoblin (D:1)
1 creature vanquished.

Vanquished Creatures (others)
  A quokka zombie (D:1)
1 creature vanquished.

Grand Total: 18 creatures vanquished

Notes
Turn   | Place    | Note
-------+----------+-------------------------------------------
     0 | D:1      | qw the Barachi Chaos Knight began the quest for the Orb.
     0 | D:1      | Reached XP level 1. HP: 18/18 MP: 1/1
     0 | D:1      | 0 ||| qw: Version: 0.1-a-108-g9e35731
     0 | D:1      | 0 ||| qw: Game counter: 6302
     0 | D:1      | 0 ||| qw: Always use a shield: true
     0 | D:1      | 0 ||| qw: God list: Okawaru
     0 | D:1      | 0 ||| qw: Allow faded altars: false
     0 | D:1      | 0 ||| qw: Do Orc after D:15 true
     0 | D:1      | 0 ||| qw: Do second Lair branch before Depths: true
     0 | D:1      | 0 ||| qw: Lair rune preference: random
     0 | D:1      | 0 ||| qw: Plans: Normal
     0 | D:1      | 0 ||| PLANNING D:1-11
     0 | D:1      | Fell from the grace of Xom
   123 | D:1      | Reached XP level 2. HP: 17/24 MP: 2/2
   368 | D:1      | Reached skill level 4 in Axes
   607 | D:1      | 607 ||| Stepping ~*~*~tactically~*~*~ (stealth).
   616 | D:1      | XOM: summons 1 hostile demon
   617 | D:1      | Noticed a chaos spawn
   622 | D:1      | HP: 4/24 [chaos spawn[Xom] (4)]
   623 | D:1      | Slain by a chaos spawn

Levels and vault maps discovered:
D:1:      grunt_arrival_lava_bath, layout_loops_ring, serial_shops,
          nicolae_shop_trees, minmay_misc_feat_secret_circle,
          skrybe_limestone_x, minmay_pentomino_q2

Skill      XL: |  1  2 |
---------------+-------+-----
Axes           | 4 |  4.3
Fighting       | |  3.6
Armour         | |  2.4
Dodging        | |  1.1

Action                   || total
-------------------------++-------
Melee: Hand axe          ||    49
       Punch             ||     1
Invok: Renounce Religion ||     1
 Stab: Confused          ||     1
Armor: Leather armour    ||    12
Dodge: Dodged            ||    23

Table legend:
 A = Non-vault XP
 B = Vault XP
 C = Vault XP percentage of total XP
 D = Non-vault monster count
 E = Vault monster count
 F = Vault count percentage of total count
                 A         B        C        D         E       F
            +---------+---------+-------+---------+---------+-------
      Total |      23 |       3 |  11.5 |      15 |       2 |  11.8
            +---------+---------+-------+---------+---------+-------
        D:1 |      23 |       3 |  11.5 |      15 |       2 |  11.8
            +---------+---------+-------+---------+---------+-------
